Map: Ephemeron LE

Players

PtitDrogo

  • Race: Protoss Protoss
  • League: Master
  • Spawn Location: 11:00

GOReynor (Reynor) - Winner!

  • Race: Zerg Zerg
  • League: Master
  • Spawn Location: 5:00

Event: NationWars 2019

VOD

Have the link to the VOD?

Description

Time

  • Played on: Dec. 8, 2019, 11:14 a.m.
  • Length: 9:31
Show
View Real Time Build Order
Export as new Build Order

PtitDrogo Protoss 

Build Orders: 1 Gate Expand, Oracle Opening, Archon Immortal 

Get SALT Encoding   

  12  0:00  Probe  
  13  0:12  Probe  
  14  0:19  Pylon  
  14  0:25  Probe  
  15  0:37  Probe (Chrono Boost)  
  15  0:41  Gateway  
  16  0:47  Probe (Chrono Boost)  
  17  0:51  Assimilator  
  17  0:53  Probe  
  18  1:05  Probe  
  19  1:17  Probe  
  20  1:28  Nexus  
  20  1:38  Cybernetics Core  
  20  1:41  Probe  
  21  1:49  Assimilator  
  21  1:53  Probe  
  22  1:58  Pylon  
  22  2:06  Probe  
  23  2:13  Adept (Chrono Boost)  
  23  2:18  Probe  
  23  2:22  Stargate  
  26  2:30  Probe (Chrono Boost), Warp Gate  
  27  2:38  Stalker  
  27  2:39  Probe (Chrono Boost)  
  27  2:43  Probe (Chrono Boost)  
  31  2:50  Probe (Chrono Boost)  
  32  2:51  Probe (Chrono Boost)  
  32  2:55  Probe (Chrono Boost)  
  34  2:59  Probe  
  35  3:07  Oracle (Chrono Boost), Probe  
  35  3:11  Probe  
  40  3:18  Pylon  
  40  3:19  Probe  
  41  3:23  Probe  
  42  3:29  Gateway  
  42  3:31  Probe  
  43  3:34  Oracle (Chrono Boost)  
  43  3:35  Probe  
  47  3:43  Probe  
  48  3:51  Probe  
  48  3:55  Probe  
  48  3:56  Assimilator  
  48  3:57  Robotics Facility  
  48  3:58  Assimilator  
  47  4:04  Probe  
  47  4:07  Probe (Chrono Boost)  
  50  4:19  Pylon, Probe (Chrono Boost)  
  50  4:20  Probe (Chrono Boost)  
  51  4:24  Adept  
  51  4:26  Nexus  
  51  4:28  Probe (Chrono Boost)  
  54  4:35  Nexus  
  54  4:37  Pylon, Probe x2  
  56  4:46  Observer  
  56  4:49  Probe (Chrono Boost)  
  56  4:51  Twilight Council  
  56  4:52  Probe (Chrono Boost), Forge  
  59  4:57  Sentry  
  59  4:58  Sentry  
  64  5:01  Probe (Chrono Boost)  
  64  5:05  Gateway x2  
  64  5:06  Probe (Chrono Boost)  
  64  5:07  Probe (Chrono Boost)  
  65  5:14  Probe  
  67  5:15  Protoss Ground Weapons Level 1 (Chrono Boost), Probe  
  67  5:19  Pylon  
  68  5:21  Zealot  
  70  5:29  Charge  
  70  5:37  Probe x2 (Chrono Boost), Immortal  
  70  5:38  Templar Archives  
  76  5:47  Probe (Chrono Boost)  
  76  5:49  Assimilator  
  79  5:51  Assimilator  
  79  5:54  Pylon  
  79  5:55  Probe x2 (Chrono Boost)  
  79  5:56  Probe (Chrono Boost)  
  80  6:01  Probe x3 (Chrono Boost)  
  83  6:06  Gateway  
  83  6:08  Gateway  
  83  6:13  Probe x3  
  83  6:18  Warp Prism  
  88  6:25  Probe x2  
  90  6:26  Probe  
  90  6:28  Gateway x2  
  90  6:30  Gateway  
  91  6:39  Psionic Storm  
  94  6:40  High Templar x3  
  94  6:43  Photon Cannon, Shield Battery  
  94  6:44  Pylon  
  94  6:46  Pylon, High Templar  
  99  6:54  Gateway  
  99  6:55  Gateway  
  99  6:57  Pylon  
  99  7:07  Archon  
  95  7:09  Immortal (Chrono Boost)  
  95  7:22  Zealot x6  
  105  7:32  High Templar  
  107  7:41  Immortal  
  109  7:45  Nexus  
  109  7:46  Pylon  
  109  7:56  High Templar x4  
  109  7:57  Zealot x2  
  119  8:00  Archon  
  119  8:01  Archon  
  110  8:06  Zealot  
  110  8:12  Void Ray  
  104  8:14  Photon Cannon  
  104  8:15  Photon Cannon  
  104  8:17  Shield Battery  
  104  8:18  High Templar x2, Shield Battery  
  104  8:20  Zealot x4  
  104  8:22  Archon  
  104  8:25  Immortal  
  112  8:33  Shield Battery  
  104  8:35  Shield Battery  
  104  8:36  Zealot x5  
  104  8:41  High Templar x2, Zealot  
  113  8:42  Zealot  
  113  8:46  Archon  
  118  8:55  Zealot x2  
  110  9:00  Zealot x5  
  98  9:05  Zealot x2  
Show
View Real Time Build Order
Export as new Build Order

GOReynor Zerg - Winner!

Build Orders: Hatch First, Swarm Host 

Get SALT Encoding   

  12  0:00  Drone  
  13  0:12  Overlord  
  13  0:16  Drone  
  14  0:30  Drone  
  14  0:31  Drone  
  16  0:44  Drone  
  17  0:54  Drone, Hatchery  
  17  1:00  Drone  
  18  1:10  Extractor  
  17  1:15  Spawning Pool  
  17  1:18  Drone  
  17  1:21  Drone  
  18  1:28  Drone  
  19  1:39  Drone  
  20  1:50  Overlord  
  20  2:01  Zergling x2  
  20  2:05  Queen  
  20  2:06  Zergling x2  
  20  2:08  Queen  
  24  2:12  Drone, Metabolic Boost  
  27  2:19  Drone  
  27  2:22  Drone  
  29  2:32  Drone  
  30  2:42  Hatchery  
  29  2:46  Drone  
  29  2:48  Drone x2  
  31  2:54  Overlord  
  31  2:56  Zergling x2  
  32  3:00  Drone  
  32  3:04  Queen  
  35  3:10  Zergling x2  
  35  3:13  Spore Crawler  
  35  3:14  Drone  
  35  3:16  Drone  
  35  3:19  Drone x3  
  40  3:20  Drone  
  40  3:24  Zergling x2  
  42  3:28  Overlord  
  42  3:29  Zergling x2  
  43  3:37  Overlord  
  43  3:43  Spore Crawler, Drone  
  43  3:47  Zergling x4  
  45  3:51  Overlord  
  45  3:52  Drone  
  45  3:53  Drone x2  
  45  3:55  Drone  
  48  4:00  Queen  
  48  4:02  Drone x2  
  52  4:09  Drone x2  
  53  4:10  Spore Crawler  
  53  4:12  Drone  
  51  4:17  Drone  
  51  4:19  Drone x2  
  51  4:22  Queen  
  56  4:26  Overlord  
  56  4:28  Drone  
  56  4:29  Drone  
  56  4:30  Drone  
  58  4:35  Zergling x6  
  58  4:36  Drone  
  60  4:39  Spore Crawler  
  60  4:42  Drone x2  
  61  4:46  Lair  
  61  4:51  Drone x4  
  65  4:54  Drone  
  65  4:59  Roach Warren, Drone x3  
  68  5:01  Drone  
  68  5:02  Drone  
  68  5:05  Overlord  
  70  5:08  Drone, Extractor  
  70  5:09  Extractor  
  70  5:10  Evolution Chamber  
  68  5:17  Drone x3  
  68  5:18  Drone x2  
  72  5:22  Overlord  
  72  5:27  Drone x3  
  72  5:28  Drone  
  76  5:30  Extractor  
  76  5:31  Overlord  
  75  5:37  Drone x3  
  75  5:38  Drone x2  
  75  5:41  Drone, Extractor  
  80  5:43  Zerg Missile Weapons Level 1  
  80  5:44  Extractor  
  80  5:45  Overseer  
  80  5:47  Glial Reconstitution  
  80  5:48  Overlord  
  79  5:50  Drone  
  79  5:54  Drone  
  79  5:56  Roach x4  
  89  6:01  Drone  
  90  6:04  Overlord  
  90  6:06  Infestation Pit  
  90  6:07  Hatchery, Roach  
  90  6:09  Overlord  
  90  6:14  Drone  
  90  6:16  Roach x4  
  99  6:19  Overlord  
  99  6:25  Roach x3  
  105  6:27  Overlord  
  105  6:40  Overlord  
  105  6:42  Swarm Host x5  
  105  6:44  Drone x2  
  105  6:45  Drone x3  
  125  6:50  Swarm Host  
  125  6:53  Swarm Host  
  131  6:57  Swarm Host  
  134  7:01  Overlord  
  134  7:04  Zergling x6, Roach x3  
  142  7:08  Roach  
  142  7:13  Swarm Host x2  
  147  7:16  Zergling x4  
  147  7:19  Swarm Host x2  
  147  7:22  Zergling x2, Roach  
  154  7:25  Drone x3  
  154  7:29  Drone x2  
  157  7:30  Extractor, Queen  
  157  7:31  Spore Crawler  
  157  7:33  Swarm Host x2  
  161  7:38  Ravager  
  161  7:40  Roach x2  
  161  7:41  Roach  
  161  7:44  Overlord  
  165  7:47  Overlord  
  162  7:55  Roach x3  
  162  7:57  Overlord  
  168  8:00  Zergling x2  
  168  8:01  Zergling x2  
  168  8:03  Overlord  
  166  8:09  Zergling x6, Roach x3  
  166  8:10  Ravager  
  166  8:11  Ravager x3  
  179  8:15  Zergling x4, Roach x2  
  179  8:17  Overlord  
  184  8:22  Roach  
  184  8:23  Zergling x2, Roach x2  
  184  8:25  Roach x2  
  191  8:28  Roach  
  191  8:31  Roach  
  191  8:33  Ravager x2  
  195  8:36  Roach x2  
  195  8:39  Roach  
  198  8:49  Roach x2  
  198  8:53  Zergling x2, Roach  
  199  9:01  Roach x7  
  199  9:03  Zergling x2  
  199  9:08  Roach x3  
Tags
 
Add a new tag
Caveats
  • Supply blocks, unpowered buildings, or Contaminate may cause inaccurate times.
  • Supply counts are checked every 10 seconds.